 Dungeon Crawl Stone Soup version 0.31-a0-219-g8d62b2e7bb (webtiles) character file.

Game seed: 12895815620388036460

10222 sanka the Destroyer (level 11, -7/84 HPs)
             Began as a Demigod Conjurer on July 3, 2023.
             Killed from afar by an acid dragon (20 damage)
             ... with a splash of acid
             ... on level 11 of the Dungeon.
             The game lasted 00:31:59 (15336 turns).

sanka the Destroyer (Demigod Conjurer)             Turns: 15336, Time: 00:31:59

Health: -7/84      AC:  3    Str:  8    XL:     11   Next: 12%
Magic:  19/24      EV: 16    Int: 32    God:
Gold:   827        SH:  0    Dex: 12    Spells: 11/22 levels left

rFire   + . .        s - staff of air
rCold   . . .        (no shield)
rNeg    . . .        U - +0 troll leather armour
rPois   .            l - +0 helmet
rElec   +            I - +0 cloak
rCorr   .            M - +0 pair of gloves
SInv    .            (no boots)
Will    +....        (no amulet)
Stlth   ++           z - ring of protection from fire
HPRegen 1.14/turn    h - +5 ring of evasion
MPRegen 0.19/turn

%: no passive effects
@: corroded
A: high MP 1, forlorn, divine attributes
a: no special abilities


You were on level 11 of the Dungeon.
You visited 1 branch of the dungeon, and saw 11 of its levels.

You collected 853 gold pieces.
You spent 26 gold pieces at shops.


Innate Abilities, Weirdness & Mutations

You have an increased reservoir of magic. (+10% MP)
You shall have no god before yourself.
Your divine heritage dramatically boosts your attributes as you level up.


   Skills:
 - Level 4.2 Fighting
 - Level 2.0 Armour
 - Level 1.7 Dodging
 - Level 1.7 Stealth
 - Level 6.0 Spellcasting
 + Level 14.5 Conjurations
 - Level 1.0 Hexes
 - Level 1.0 Translocations


You had 11 spell levels left.
You knew the following spells:

 Your Spells              Type           Power      Damage    Failure   Level
c - Iskenderun's Mystic   Conj/Tloc      56%        2d12      2%          4
x - Searing Ray           Conj           100%       2d8       1%          2
z - Magic Dart            Conj           100%       1d8       0%          1
Z - Fulminant Prism       Conj/Hex       28%        3d13      2%          4

Your spell library contained the following spells:

 Spells                   Type           Power      Damage    Failure   Level
 Shock                    Conj/Air       100%       1d9       1%          1
 Momentum Strike          Conj/Tloc      100%       3d10      1%          2
 Dazzling Flash           Conj/Hex       100%       N/A       1%          3
 Blink                    Tloc           32%        N/A       6%          2
 Lesser Beckoning         Tloc           32%        N/A       6%          2
 Tukima's Dance           Hex            16%        N/A       13%         3
 Orb of Destruction       Conj           40%        9d11      14%         7
 Summon Guardian Golem    Hex/Summ       12%        N/A       16%         3
 Frozen Ramparts          Ice            18%        1d3       19%         3
 Swiftness                Air            14%        N/A       19%         3
 Passage of Golubria      Tloc           16%        N/A       38%         4
 Airstrike                Air            7%         2d(1-17)  54%         4
 Ice Form                 Ice/Tmut       9%         N/A       54%         4
 Summon Ice Beast         Ice/Summ       9%         N/A       54%         4
 Yara's Violent Unravell  Hex/Tmut       6%         3d5       82%         5
 Spellforged Servitor     Conj/Summ      27%        N/A       95%         7

Inventory:

Hand Weapons
 a - a +2 whip of electrocution
 b - a +2 dagger of venom
 N - a +1 scimitar of flaming
Missiles
 F - 8 curare-tipped darts {=f}
Armour
 l - a +0 helmet (worn)
 r - a +0 robe
 I - a +0 cloak (worn)
 L - the +4 ring mail of the Shining Light {rElec rPois} rElec: It insulates you from electricity. rPois: It protects you from poison.
 M - a +0 pair of gloves (worn)
 U - a +0 troll leather armour (worn)
Magical Staves
 s - a staff of air (weapon)
Jewellery
 h - a +5 ring of evasion (right hand)
 z - a ring of protection from fire (left hand)
 H - a ring of resist corrosion
 Q - a ring of protection from fire
Wands
 v - a wand of polymorph (8)
 y - a wand of paralysis (2)
 B - a wand of roots (9)
 D - a wand of light (7)
 J - a wand of flame (21)
 R - a wand of mindburst (5)
Scrolls
 e - 10 scrolls of teleportation {@r4}
 f - a scroll of summoning
 n - a scroll of poison {!r}
 o - a scroll of revelation
 q - 4 scrolls of blinking
 t - 2 scrolls of amnesia
 u - 3 scrolls of immolation {!r}
 w - 3 scrolls of enchant weapon
 C - a scroll of vulnerability {unknown}
 E - a scroll of brand weapon {unknown}
 K - 2 scrolls of enchant armour
 P - 2 scrolls of fog
Potions
 c - a potion of brilliance
 d - 2 potions of lignification {unknown}
 g - a potion of resistance {unknown}
 i - 3 potions of curing {@q1}
 j - 3 potions of haste {@q3}
 k - a potion of might
 m - 2 potions of ambrosia {unknown}
 p - 5 potions of heal wounds {unknown}
 x - a potion of magic
 A - 2 potions of cancellation {unknown}
 G - 2 potions of berserk rage {unknown}
 O - a potion of degeneration {unknown}
 S - a potion of enlightenment {unknown}
 T - a potion of mutation {unknown}

Dungeon Overview and Level Annotations

Branches:
Dungeon (11/15)            Temple (0/1) D:7            Lair (0/5) D:8
    Orc: D:9-12

Shops:
D:2 ?   D:8 *

Annotations:
D:11 Fannar

▒▒▒▒▒▒▒▒▒▒▒▒▒▒▒▒▒▒▒▒▒▒▒▒▒▒▒▒▒
.................>..............
.......▒▒▒.........▒.............
........e....▒▒....▒......... ▒..
.........D......p..▒......... ▒..
▒▒▒▒▒▒....................... ..
▒▒▒▒▒▒▒▒▒+▒▒▒▒▒'▒▒▒▒▒▒▒. ▒
▒..........▒ ▒▒▒▒▒ ▒ ▒..........▒
▒.... ▒▒+▒▒▒▒▒..▒▒.▒▒▒▒▒▒ ▒....
▒......▒..▒▒.▒ ▒....
▒......▒.....▒ ▒....
▒......▒.....▒ ▒+▒▒▒


You could see an acid dragon (catching breath).


Message History

You conjure a prism of explosive energy!
A fulminant prism comes into view.
The acid dragon roars!
You hear a shout!
You hear a loud crackle.
Fannar the Cold-Hearted comes into view.
They are wielding a +0 quarterstaff of freezing and wearing a +2 robe of cold resistance.
You hear an explosion!
You hear a shout!
You hear a shout!
You hear a shout!
You erupt in a blast of force!
The mystic blast hits the acid dragon!
The acid dragon is moderately wounded.
The acid dragon is knocked back by the mystic blast.
Fannar mumbles some strange words.
Fannar drains the heat from the surrounding environment!
The acid dragon spits acid at you. The splash of acid hits you!!
The acid dragon spits acid at you. The splash of acid hits you!!
* * * LOW HITPOINT WARNING * * *
The acid corrodes you! The acid dragon spits acid at you.
The splash of acid hits you!!
* * * LOW HITPOINT WARNING * * *
The acid dragon spits acid at you. The splash of acid misses you.
The acid dragon spits acid at you. The splash of acid hits you!!
You die...

Action                     |  1- 3 |  4- 6 |  7- 9 | 10-12 || total
---------------------------+-------+-------+-------+-------++-------
  Melee: Unarmed           |     1 |       |       |       ||     1
         Hand axe          |       |     1 |       |       ||     1
         Whip              |       |    10 |    60 |    33 ||   103
         Dagger            |       |       |     6 |       ||     6
         Punch             |       |       |       |     2 ||     2
   Cast: Magic Dart        |    80 |   105 |   120 |    52 ||   357
         Searing Ray       |     2 |    12 |    46 |     8 ||    68
         Fulminant Prism   |       |       |    20 |    32 ||    52
         Iskenderun's Myst |       |       |       |    14 ||    14
  Evoke: Wand              |       |       |     5 |       ||     5
    Use: Scroll            |     4 |     1 |     2 |     5 ||    12
         Potion            |       |       |     2 |       ||     2
   Stab: Paralysed         |       |       |     5 |       ||     5
         Invisible         |       |       |     1 |       ||     1
         Sleeping          |       |       |     1 |       ||     1
 Armour: Robe              |       |     2 |    14 |     2 ||    18
  Dodge: Dodged            |     9 |    25 |   140 |    45 ||   219

Levels and vault maps discovered:
D:1:      erik_arrival_triangle_huge, layout_basic,
          chequers_serial_rivers_room_a
D:2:      layout_basic, basic_altar, nicolae_nh_oracle_at_delphi
D:3:      layout_basic, dilly_ecumenical_altar_fadedgnrine, uniq_jessica
D:4:      layout_loops_ring, eino_small_chamber_without_monster
D:5:      layout_basic, nicolae_uskayaw_dance_hall, roderic_lattice_a,
          minmay_mini_ossuary
D:6:      layout_basic, ashenzari_conservatory_becter
D:7:      layout_layer_cave, nemelex_spade_bored_becter,
          mainiacjoe_overflow_concentric_impassable, minmay_temple_entry_tees,
          uniq_duvessa, uniq_joseph
D:8:      layout_rooms, general_overflow_altar, chei_slow_surprise,
          lair_entry_dummy, serial_shops, shop, uniq_psyche, uniq_maurice,
          uniq_erica
D:9:      layout_long_grid, tso_oasis_becter, grunt_decor_mini_mirrors,
          uniq_pikel
D:10:     layout_roguey [special_room_orc], chequers_temple_overflow_minitemple
D:11:     layout_stronghold, amethyst_killhole, minmay_fountain_box, uniq_lodul,
          uniq_fannar

Notes
Turn   | Place    | Note
-------+----------+-------------------------------------------
     0 | D:1      | sanka the Demigod Conjurer began the quest for the Orb.
     0 | D:1      | Reached XP level 1. HP: 14/14 MP: 5/5
   246 | D:1      | Reached skill level 2 in Spellcasting
   512 | D:1      | Reached skill level 4 in Conjurations
   512 | D:1      | Reached XP level 2. HP: 20/20 MP: 0/7
   515 | D:1      | Learned a level 2 spell: Searing Ray
  1138 | D:2      | Reached XP level 3. HP: 26/26 MP: 3/8
  1544 | D:2      | Found The Oracle's Delphic Readings.
  2001 | D:2      | Bought a scroll of identify for 26 gold pieces
  2144 | D:3      | Reached skill level 5 in Conjurations
  2220 | D:3      | Noticed Jessica
  2404 | D:3      | Reached XP level 4. HP: 33/33 MP: 4/9
  2694 | D:3      | Reached XP level 5. HP: 38/38 MP: 7/10
  2759 | D:3      | Reached skill level 6 in Conjurations
  2830 | D:3      | Killed Jessica
  2831 | D:3      | Reached skill level 1 in Fighting
  2968 | D:3      | Reached skill level 2 in Fighting
  3990 | D:4      | Reached skill level 3 in Fighting
  3990 | D:4      | Reached XP level 6. HP: 51/51 MP: 2/11
  4558 | D:5      | Entered Level 5 of the Dungeon
  4799 | D:5      | Reached skill level 4 in Fighting
  5308 | D:5      | Reached XP level 7. HP: 51/59 MP: 7/13
  5369 | D:5      | Reached skill level 7 in Conjurations
  6377 | D:6      | Reached skill level 8 in Conjurations
  6946 | D:6      | Noticed a wraith
  6981 | D:6      | Killed a wraith
  6982 | D:6      | Reached skill level 9 in Conjurations
  6982 | D:6      | Reached XP level 8. HP: 24/66 MP: 0/14
  7620 | D:6      | Reached skill level 10 in Conjurations
  7893 | D:7      | Reached skill level 3 in Spellcasting
  8128 | D:7      | Learned a level 4 spell: Fulminant Prism
  8133 | D:7      | Learned a level 4 spell: Iskenderun's Mystic Blast
  8716 | D:7      | Reached skill level 4 in Spellcasting
  8716 | D:7      | Reached skill level 1 in Hexes
  8716 | D:7      | Reached skill level 1 in Translocations
  8840 | D:7      | Noticed Joseph
  9087 | D:7      | HP: 4/66 [Joseph/+0 quarterstaff (16)]
  9092 | D:7      | Killed Joseph
  9093 | D:7      | Reached XP level 9. HP: 24/71 MP: 10/18
  9266 | D:7      | Found a staircase to the Ecumenical Temple.
  9541 | D:7      | Noticed Dowan
  9542 | D:7      | Noticed Duvessa
  9792 | D:7      | Killed Duvessa
  9793 | D:7      | Reached skill level 11 in Conjurations
  9805 | D:7      | Killed Dowan
 10261 | D:8      | Noticed Maurice
 10366 | D:8      | Killed Maurice
 10466 | D:7      | Reached skill level 12 in Conjurations
 10846 | D:8      | Identified the +4 ring mail of the Shining Light {rElec
                  | rPois}
 10957 | D:8      | Noticed Erica
 10972 | D:8      | Killed Erica
 10973 | D:8      | Reached skill level 1 in Armour
 11120 | D:8      | Found a staircase to the Lair.
 11157 | D:8      | Reached XP level 10. HP: 79/79 MP: 12/20
 11225 | D:8      | Found Uhopsesa's Assorted Antiques.
 11356 | D:8      | Noticed Psyche
 11368 | D:8      | Killed Psyche
 11369 | D:8      | Reached skill level 2 in Armour
 11814 | D:9      | Reached skill level 5 in Spellcasting
 12166 | D:9      | Reached skill level 13 in Conjurations
 13166 | D:9      | Noticed Pikel
 13198 | D:9      | Killed Pikel
 13199 | D:9      | Reached skill level 6 in Spellcasting
 13448 | D:10     | Entered Level 10 of the Dungeon
 14006 | D:10     | Noticed a two-headed ogre
 14035 | D:10     | Killed a two-headed ogre
 14036 | D:10     | Reached skill level 14 in Conjurations
 14458 | D:11     | Noticed Lodul
 14677 | D:10     | Reached XP level 11. HP: 84/84 MP: 13/24
 14742 | D:11     | Killed Lodul
 15319 | D:11     | Noticed Fannar
 15328 | D:11     | HP: 4/84 [acid dragon/splash of acid (29)]
 15336 | D:11     | Killed from afar by an acid dragon

Vanquished Creatures
  Erica (D:8)
  A two-headed ogre (D:10)
  Lodul (D:11)
  Pikel (D:9)
  Maurice (D:8)
  Joseph (D:7)
  Psyche (D:8)
  A komodo dragon (D:10)
  A troll (D:11)
  2 wraiths
  A shadow (D:10)
  10 yaks (D:9)
  2 wyverns
  A steam dragon (D:7)
  3 water moccasins
  Duvessa (D:7)
  6 orc warriors
  2 black bears
  A sky beast (D:8)
  4 ice beasts
  6 ogres
  2 lemures (D:9)
  2 centaurs
  3 kobold brigands
  4 bullfrogs
  A gnoll sergeant (D:5)
  2 scorpions
  3 wights
  Dowan (D:7)
  3 howler monkeys (D:9)
  3 hounds
  An iron imp (D:8)
  2 jellies
  A gnoll bouda (D:7)
  3 sleepcaps
  11 orc priests
  Jessica (D:3)
  3 iguanas
  4 orc wizards
  A mummy (D:5)
  8 gnolls
  8 adders
  2 shadow imps (D:7)
  2 ufetubi
  5 dart slugs
  51 orcs
  6 ball pythons
  3 bats
  7 endoplasms
  2 goblins
  6 hobgoblins
  7 jackals
  10 kobolds
  6 quokkas
  4 frilled lizards
  3 hobgoblin zombies (D:5)
  A kobold zombie (D:5)
  4 rats
234 creatures vanquished.

Vanquished Creatures (others)
  52 fulminant prisms
52 creatures vanquished.

Grand Total: 286 creatures vanquished
